 Dungeon Crawl Stone Soup version 0.31.0-11-ge490571c62 (webtiles) character file.

Game seed: 6383011108419945327

221 monsoonserge the Cudgeller (level 5, -5/32 (43) HPs)
             Began as a Gnoll Reaver on Feb 1, 2024.
             Was a Follower of Okawaru.
             Slain by Grinder (6 damage)
             ... while paralysed by Grinder
             ... on level 3 of the Dungeon.
             The game lasted 00:05:31 (2085 turns).

monsoonserge the Cudgeller (Gnoll Reaver)           Turns: 2085, Time: 00:05:32

HP:   -5/32 (43)    AC:  5    Str: 12    XL:     5   Next: 98%
MP:   10/12         EV:  2    Int: 14    God:    Okawaru [*.....]
Gold: 89            SH:  0    Dex: 16    Spells: 13/14 levels left

rFire   . . .        r - +0 flail
rCold   . . .        (no shield)
rNeg    . . .        b - +0 leather armour
rPois   .            (no helmet)
rElec   .            (no cloak)
rCorr   .            (no gloves)
SInv    .            f - +0 pair of boots
Will    .....        (no amulet)
Stlth   +++          v - +6 ring of dexterity
HPRegen 0.25/turn    (no ring)
MPRegen 0.13/turn

%: no passive effects
@: paralysed, heroic, very heavily drained
A: fangs 1, strong nose, distributed training
a: Renounce Religion, Heroism


You were on level 3 of the Dungeon.
You worshipped Okawaru.
Okawaru was aware of your devotion.
You visited 1 branch of the dungeon, and saw 3 of its levels.

You collected 89 gold pieces.

Inventory:

Hand Weapons
 a - a +0 mace
 r - a +0 flail (weapon)
Missiles
 k - 3 poisoned darts (quivered)
 n - 2 boomerangs
Armour
 b - a +0 leather armour (worn)
 f - a +0 pair of boots (worn)
 p - a +0 chain mail
Jewellery
 h - a ring of fire
 v - a +6 ring of dexterity (left hand)
Wands
 s - a wand of flame (14)
Scrolls
 d - 4 scrolls of identify {unknown}
 g - 3 scrolls of blinking {unknown}
 m - 3 scrolls of enchant armour {unknown}
 o - a scroll of teleportation {unknown}
 t - a scroll of immolation {unknown}
 u - 2 scrolls of noise {unknown}
Potions
 c - 2 potions of mutation {unknown}
 e - a potion of experience {unknown}
 i - a potion of ambrosia {unknown}
 j - a potion of heal wounds {unknown}
 l - 2 potions of berserk rage {unknown}
 q - a potion of lignification {unknown}


   Skills:
 + Level 4.9(9.9) Fighting
 + Level 1.8(6.8) Short Blades
 + Level 1.8(6.8) Long Blades
 + Level 1.8(6.8) Axes
 + Level 6.8(11.8) Maces & Flails
 + Level 1.8(6.8) Polearms
 + Level 1.8(6.8) Staves
 + Level 1.8(6.8) Ranged Weapons
 + Level 1.8(6.8) Throwing
 + Level 1.8(6.8) Armour
 + Level 4.9(9.9) Dodging
 + Level 1.8(6.8) Stealth
 + Level 1.8(6.8) Shields
 + Level 1.8(6.8) Unarmed Combat
 + Level 5.3 Spellcasting
 + Level 5.6 Conjurations
 + Level 1.4 Hexes
 + Level 1.4 Summonings
 + Level 1.4 Necromancy
 + Level 1.4 Translocations
 + Level 1.4 Fire Magic
 + Level 1.4 Ice Magic
 + Level 1.4 Air Magic
 + Level 1.4 Earth Magic
 + Level 1.4 Alchemy
 + Level 2.0 Invocations
 + Level 1.8 Evocations
 + Level 1.6 Shapeshifting


You had 13 spell levels left.
You knew the following spells:

 Your Spells              Type           Power      Damage    Failure   Level
a - Kiss of Death         Conj/Necr      52%        2d9       4%          1

Your spell library contained the following spells:

 Spells                   Type           Power      Damage    Failure   Level
 Momentum Strike          Conj/Tloc      26%        3d8       8%          2
 Hailstorm                Conj/Ice       13%        3d6       14%         3


Dungeon Overview and Level Annotations

Branches:
Dungeon (3/15)

Altars:
Cheibriados
Okawaru

Annotations:
D:3 Grinder


Innate Abilities, Weirdness & Mutations

You have very sharp teeth.
Your uncanny sense of smell can sniff out nearby items.
Your experience applies equally to all skills.


Message History

You open the door.
There is an open door here.
You open the door.
There is an open door here.
There is an open door here.
There is an open door here.
Grinder shouts!
Grinder gestures at you.
You suddenly lose the ability to move!
Grinder gestures at you. You resist with significant effort.
You can move again.
You sock Grinder! You punch Grinder. Your bite misses Grinder.
Grinder is moderately wounded.
Grinder hits you!
You barely miss Grinder. You bite Grinder, but do no damage.
Grinder is moderately wounded.
Grinder gestures at you. Pain shoots through your body!
Unknown command.
Press: ? - help, v - describe, . - travel
Here: Grinder (moderately wounded)
The floor.
Unknown command.
You gain the combat prowess of a mighty hero.
Grinder misses you.
You hit Grinder.
Grinder is moderately wounded.
You sock Grinder!
Grinder is severely wounded.
Grinder gestures at you.
You suddenly lose the ability to move!
Grinder hits you!
* * * LOW HITPOINT WARNING * * *
You writhe in agony.
* * * LOW HITPOINT WARNING * * *
Grinder hits you but does no damage. Grinder hits you.
You die...
Grinder says, "Now the real fun starts!"

#.# #.#######
#.......###.
#.##........
#.##.##.##.> #.....#
# ###...#
#####5..#####
#...#@..#...#
#.>.#.8^#.<.#
#...#...#...#
######+###'###+######
#...#...#...#...#...#
#
#.>.'...).⌠.'...'.<.#
#
#...#...#...#...#...#
#
######+###'###+######
# #...#...#...#
########


You could see Grinder.

Vanquished Creatures
  Terence (D:2)
  Natasha (thrice) (D:2)
  4 adders
  3 gnolls
  2 dart slugs
  A ribbon worm (D:2)
  7 endoplasms
  3 giant cockroaches
  A goblin (D:1)
  5 hobgoblins
  3 quokkas
  4 ball pythons
  6 bats
  2 frilled lizards (D:1)
  7 kobolds
  2 rats
54 creatures vanquished.

Notes
Turn   | Place    | Note
-------+----------+-------------------------------------------
     0 | D:1      | monsoonserge the Gnoll Reaver began the quest for the Orb.
     0 | D:1      | Reached XP level 1. HP: 20/20 MP: 6/6
    63 | D:1      | Reached XP level 2. HP: 15/26 MP: 7/7
   631 | D:2      | Found a snail-covered altar of Cheibriados.
   688 | D:2      | Reached skill level 5 in Spellcasting
   688 | D:2      | Reached XP level 3. HP: 31/31 MP: 7/9
   729 | D:2      | Reached skill level 1 in Invocations
   779 | D:2      | Noticed Natasha
   794 | D:2      | Killed Natasha
   795 | D:2      | Reached skill level 1 in Short Blades
   795 | D:2      | Reached skill level 1 in Long Blades
   795 | D:2      | Reached skill level 1 in Axes
   795 | D:2      | Reached skill level 1 in Polearms
   795 | D:2      | Reached skill level 1 in Staves
   795 | D:2      | Reached skill level 1 in Ranged Weapons
   795 | D:2      | Reached skill level 1 in Throwing
   795 | D:2      | Reached skill level 1 in Armour
   795 | D:2      | Reached skill level 1 in Stealth
   795 | D:2      | Reached skill level 1 in Shields
   795 | D:2      | Reached skill level 1 in Unarmed Combat
   795 | D:2      | Reached skill level 1 in Evocations
   795 | D:2      | Reached skill level 1 in Shapeshifting
   795 | D:2      | Reached XP level 4. HP: 26/38 MP: 11/11
   816 | D:2      | Noticed Natasha
   896 | D:2      | Killed Natasha
   897 | D:2      | Reached skill level 1 in Hexes
   897 | D:2      | Reached skill level 1 in Summonings
   897 | D:2      | Reached skill level 1 in Necromancy
   897 | D:2      | Reached skill level 1 in Translocations
   897 | D:2      | Reached skill level 1 in Fire Magic
   897 | D:2      | Reached skill level 1 in Ice Magic
   897 | D:2      | Reached skill level 1 in Air Magic
   897 | D:2      | Reached skill level 1 in Earth Magic
   897 | D:2      | Reached skill level 1 in Alchemy
  1009 | D:2      | Noticed Terence
  1018 | D:2      | Killed Terence
  1019 | D:2      | Reached XP level 5. HP: 34/36 MP: 10/12
  1376 | D:2      | Noticed Natasha
  1447 | D:2      | Killed Natasha
  1544 | D:3      | Noticed Grinder
  1686 | D:3      | Found a faded altar of an unknown god.
  1694 | D:3      | Prayed at the altar of an unknown god.
  1694 | D:3      | Became a worshipper of Warmaster Okawaru
  1694 | D:3      | Reached * piety under Okawaru
  2074 | D:3      | Paralysed by Grinder for 4 turns
  2082 | D:3      | Paralysed by Grinder for 4 turns
  2083 | D:3      | HP: 1/32 [Grinder (6)]
  2085 | D:3      | Slain by Grinder

Illustrated notes

Levels and vault maps discovered:
D:1:      dpeg_arrival_rhombi, layout_basic
D:2:      layout_rooms, basic_altar, kennysheep_another_room, uniq_natasha,
          uniq_terence
D:3:      layout_loops_ring, hellmonk_ecumenical_altar_zigzags,
          nicolae_elevator_lobby_plus, uniq_grinder

Skill      XL: |  1  2  3  4  5 |
---------------+----------------+-----
Spellcasting   | 5 |  5.3
Invocations    | 1 2 |  2.0
Short Blades   | 1 |  1.8
Long Blades    | 1 |  1.8
Axes           | 1 |  1.8
Polearms       | 1 |  1.8
Staves         | 1 |  1.8
Ranged Weapons | 1 |  1.8
Throwing       | 1 |  1.8
Armour         | 1 |  1.8
Stealth        | 1 |  1.8
Shields        | 1 |  1.8
Unarmed Combat | 1 |  1.8
Evocations     | 1 |  1.8
Shapeshifting  | 1 |  1.6
Hexes          | 1 |  1.4
Summonings     | 1 |  1.4
Necromancy     | 1 |  1.4
Translocations | 1 |  1.4
Fire Magic     | 1 |  1.4
Ice Magic      | 1 |  1.4
Air Magic      | 1 |  1.4
Earth Magic    | 1 |  1.4
Alchemy        | 1 |  1.4
Fighting       | |  4.9
Maces & Flails | |  6.8
Dodging        | |  4.9
Conjurations   | |  5.6

Action                     |  1- 3 |  4- 6 || total
---------------------------+-------+-------++-------
  Melee: Mace              |    59 |    62 ||   121
         Bite              |     2 |    13 ||    15
         Flail             |       |    45 ||    45
         Punch             |       |     1 ||     1
   Cast: Kiss of Death     |       |     4 ||     4
 Invoke: Heroism           |       |     1 ||     1
   Stab: Sleeping          |       |     2 ||     2
         Distracted        |       |     1 ||     1
 Armour: Leather armour    |    35 |    83 ||   118
  Dodge: Dodged            |    52 |    83 ||   135
